 Dungeon Crawl Stone Soup version 0.18.1-48-g4cf74bf (webtiles) character file.

310817 nikopol the Executioner (level 20, -6/189 HPs)
             Began as a Minotaur Berserker on Aug 14, 2016.
             Was the Champion of Trog.
             Mangled by a sun demon (16 damage)
             ... summoned by a deep elf demonologist
             ... on level 5 of the Vaults.
             The game lasted 03:17:23 (50021 turns).

nikopol the Executioner (Minotaur Berserker)       Turns: 50021, Time: 03:17:24

Health: -6/189     AC: 31    Str: 28    XL:     20   Next: 74%
Magic:  0/19       EV: 18    Int:  4    God:    Trog [******]
Gold:   2965       SH:  0    Dex: 16    Spells: 0 memorised, 19 levels left

rFire  + . .     SeeInvis +     a - +8 battleaxe "Etzed" {flame, rElec rC+}
rCold  + . .     Gourm    .     V - +3 plate armour {rF+}
rNeg   + + .     Faith    .     (shield currently unavailable)
rPois  .         Spirit   +     (helmet restricted)
rElec  +         Dismiss  .     T - +1 cloak of Vlad {MR+ Str+3}
rCorr  .         Reflect  .     d - +2 pair of gloves {archery}
SustAt .         Harm     .     A - +2 pair of boots "Wemokit" {+Blink rN+ Stlth+}
MR     ++++.                    e - amulet of guardian spirit
Stlth  ..........               f - ring of see invisible
                                P - ring of positive energy

@: about to teleport, very slightly contaminated, regenerating, incredibly
resistant to hostile enchantments, extremely unstealthy
A: retaliatory headbutt, horns 2
a: Berserk, Trog's Hand, Brothers in Arms, Burn Spellbooks, Renounce Religion,
Evoke Blink
}: 1/15 runes: gossamer


You were on level 5 of the Vaults.
You worshipped Trog.
Trog was exalted by your worship.
You were not hungry.

You visited 5 branches of the dungeon, and saw 34 of its levels.
You also visited: Labyrinth and Ice Cave.

You collected 3955 gold pieces.
You spent 990 gold pieces at shops.

Inventory:

Hand Weapons
 a - the +8 battleaxe "Etzed" (weapon) {flame, rElec rC+}
   (Trog gifted it to you on level 3 of the Vaults)

   It has been specially enchanted to burn those struck by it, causing extra
   injury to most foes and up to half again as much damage against particularly
   susceptible opponents.
   Big, fiery blades are also staple armaments of hydra-hunters.
   It protects you from cold.
   It insulates you from electricity.
 z - a +10 shortbow of flaming
 O - a +8 longbow of freezing
Missiles
 r - 1094 arrows (quivered)
Armour
 b - a +2 chain mail of fire resistance
 d - a +2 pair of gloves of archery (worn)
 y - a +2 plate armour of poison resistance
 A - the +2 pair of boots "Wemokit" (worn) {+Blink rN+ Stlth+}
   (You acquired it on level 2 of the Orcish Mines)

   It protects you from negative energy.
   It lets you blink.
   It makes you more stealthy.
 T - the +1 cloak of Vlad (worn) {MR+ Str+3}
   (You found it on level 11 of the Dungeon)

   It affects your strength (+3).
   It affects your resistance to hostile enchantments.
 V - a +3 plate armour of fire resistance (worn)
 W - the +2 hat of Impatience {rF+ MP+9 Str+3 Int-5 SInv}
   (You acquired it on level 2 of the Lair of Beasts)

   It affects your strength (+3).
   It affects your intelligence (-5).
   It protects you from fire.
   It affects your magic capacity (+9).
   It lets you see invisible.
Jewellery
 e - an amulet of guardian spirit (around neck)
 f - a ring of see invisible (right hand)
 g - an uncursed ring of poison resistance
 P - a ring of positive energy (left hand)
Wands
 o - a wand of disintegration (20/24)
 w - a wand of digging (23/24)
Scrolls
 i - 9 scrolls of remove curse
 j - 4 scrolls of enchant armour
 p - 8 scrolls of fear
 t - 4 scrolls of fog
 u - 9 scrolls of identify
 B - 2 scrolls of blinking
 E - 7 scrolls of recharging
 F - a scroll of magic mapping
 I - 8 scrolls of teleportation
 N - 3 scrolls of enchant weapon
 Z - 2 scrolls of holy word
Potions
 h - 4 potions of invisibility
 l - 13 potions of curing
 m - 2 potions of cancellation
 n - 3 potions of cure mutation
 q - 5 potions of might
 s - 9 potions of haste
 x - 3 potions of magic
 C - 3 potions of brilliance
 D - 2 potions of heal wounds
 J - 6 potions of flight
 M - a potion of berserk rage
 R - 5 potions of agility
 S - a potion of resistance
 U - 3 potions of ambrosia {unknown}
Comestibles
 c - 20 bread rations
 k - 9 meat rations
 v - 5 chunks of flesh
 G - 42 fruits
 H - 2 beef jerkies


   Skills:
 + Level 18.6 Fighting
 + Level 21.6 Axes
 * Level 19.6 Bows
 + Level 18.1 Armour
 + Level 16.5 Dodging


You had 19 spell levels left.
You didn't know any spells.

Dungeon Overview and Level Annotations

Branches:
Dungeon (15/15)            Temple (0/1) D:5            Lair (8/8) D:8
 Shoals (0/4) Lair:6       Spider (4/4) Lair:4        Slime (0/6) Lair:8
    Orc (2/2) D:10            Elf (0/3) Orc:2        Vaults (5/5) D:13
  Crypt (0/3) Vaults:3     Depths (0/5) D:15

Altars:
Ashenzari
Fedhas
Gozag
Nemelex Xobeh
Okawaru
Pakellas
Vehumet
Xom
Zin
Jiyva

Shops:
D:8 (   D:9 =   D:10 %   Orc:1 }   Orc:2 *}?}=   Vaults:1 [:(}


Innate Abilities, Weirdness & Mutations

You reflexively headbutt those who attack you in melee.
You have a pair of horns on your head.


Message History

As you read the scroll of teleportation, it crumbles to dust.
You feel strangely unstable.
The sun demon hits you but does no damage.
The salamander stormcaller hits you but does no damage.
The vault warden hits you with a great mace!!
* * * LOW HITPOINT WARNING * * *
You are too injured to fight recklessly!
You are too injured to fight recklessly!
The salamander stormcaller points at you and mumbles some strange words.
A raging storm of fire appears!
The great blast of fire engulfs you! You partially resist.
* * * LOW HITPOINT WARNING * * *
The great blast of fire engulfs the sun demon.
The sun demon partially resists.
The great blast of fire engulfs the vault warden.
The vault warden dies!
The ironheart preserver gestures wildly while chanting.
The ironheart preserver begins to accept its allies' injuries.
The sun demon hits you!
You die... #Cpp#

#
#p#.#.#
#.#.#.#
#p#p4.
#p#m#.
#NHe#.#
#§#.# .
#3#.H.
#@# #.#
#v# .#
#§§ #
....
..###
....
....
#####


You could see an ironheart preserver, a sphinx, a vault warden, a salamander
stormcaller, a vault guard, a sun demon and a fire vortex (wandering).

Vanquished Creatures
  Mennas (Vaults:2)
  Sojobo (Vaults:3)
  Norris (Vaults:1)
  Saint Roka (Orc:2)
  A bone dragon (Vaults:3)
  Arachne (Spider:4)
  An Ice Fiend (IceCv)
  Kirke (D:13)
  An ancient champion (Vaults:3)
  2 sphinxes
  The ghost of Elystan the Cleaver, an adept FoFi of Okawaru (Spider:1)
  A storm dragon (D:15)
  2 fire giants
  Wiglaf (Vaults:3)
  2 frost giants (D:15)
  9 ghost moths
  A ghost moth (shapeshifter) (Vaults:1)
  A draconian knight (Vaults:2)
  10 vault wardens
  Aizul (Spider:3)
  2 emperor scorpions
  17 ironheart preservers
  5 stone giants
  2 vampire knights (Vaults:3)
  A deep elf annihilator (Vaults:4)
  Azrael (D:15)
  6 spark wasps
  2 salamander stormcallers
  The ghost of ThereIsNoGod the Cleaver, a journeyman MiGl of Makhleb (D:12)
  13 vault guards
  An ettin (Vaults:4)
  4 fire dragons
  A crystal guardian (Vaults:2)
  A minotaur (Lab)
  8 yaktaur captains
  A great orb of eyes (Vaults:1)
  3 entropy weavers
  12 hydras
  An ice dragon (Vaults:1)
  The ghost of nikopol the Fighter, a novice MiBe of Trog (D:10)
  2 catoblepae
  17 centaur warriors
  15 death yaks
  2 deep troll shamans
  2 death knights
  3 tengu warriors
  17 ogre magi
  3 orc high priests (Orc:2)
  3 deep troll earth magi
  3 deep elf knights
  Nergalle (Lair:1)
  2 skeletal warriors
  2 fire crabs
  2 shadow wraiths
  4 unseen horrors
  2 giant orange brains (Vaults:3)
  2 flayed ghosts (Vaults:4)
  11 deep trolls
  Pikel (D:7)
  7 hill giants
  3 phantasmal warriors
  11 ironbrand convokers
  3 harpies (Vaults:2)
  4 deep elf archers
  14 orc knights
  7 cyclopes
  A wolf spider zombie (D:13)
  2 wizards
  27 orb spiders
  A hornet (shapeshifter) (Vaults:1)
  An oklob plant (Lair:8)
  28 wolf spiders
  32 ugly things
  22 slime creatures
  2 manticores
  A manticore (shapeshifter) (Vaults:1)
  8 orc sorcerers
  9 deep elf magi
  A shining eye (shapeshifter) (D:15)
  11 griffons
  7 hornets
  14 elephants
  A centaur zombie (D:15)
  10 vault sentinels
  6 black mambas
  2 octopodes (shapeshifter)
  3 moths of wrath
  3 sirens (Lair:6)
  4 torpor snails
  3 gargoyles
  An ice statue (IceCv)
  2 kobold demonologists
  A spiny frog (shapeshifter) (D:15)
  16 spiny frogs
  An efreet (D:15)
  12 demonic crawlers
  3 rime drakes
  5 ice devils (IceCv)
  29 yaktaurs
  10 komodo dragons
  11 freezing wraiths
  2 tengu conjurers
  A polar bear (Lair:2)
  2 golden dragon simulacra (IceCv)
  49 jumping spiders
  A jumping spider (shapeshifter) (Vaults:3)
  2 tengu simulacra
  9 trolls
  2 merfolk
  27 two-headed ogres
  2 raiju (shapeshifter) (D:15)
  A queen bee (shapeshifter) (Vaults:2)
  6 boulder beetles
  5 blink frogs (Lair:5)
  A snapping turtle (shapeshifter) (Vaults:1)
  Sigmund (D:6)
  3 wraiths
  4 shadows
  3 centaur simulacra
  71 redbacks
  29 tarantellas
  3 wyverns
  A spriggan (D:11)
  2 dire elephant simulacra (IceCv)
  A hog (shapeshifter) (Vaults:1)
  The ghost of Trysia the Skirmisher, an amateur MiBe of Trog (D:4)
  A human (D:11)
  A yak (shapeshifter) (Vaults:1)
  56 yaks
  4 hogs (D:13)
  3 fire elementals (D:15)
  3 basilisks
  6 hungry ghosts
  2 steam dragons (Lair:8)
  11 hippogriffs
  14 vampire mosquitoes
  5 mottled dragons
  An iron troll simulacrum (IceCv)
  3 harpy simulacra (IceCv)
  4 wargs
  A soldier ant (D:14)
  16 water moccasins
  4 hell hounds (D:15)
  7 hydra simulacra (IceCv)
  17 porcupines
  Duvessa (D:6)
  A hornet simulacrum (D:15)
  39 orc warriors
  13 ice beasts
  4 sky beasts
  4 slaves (D:7)
  4 phantoms
  2 swamp drakes (Lair:8)
  2 wasps (Spider:4)
  3 black bears
  6 wolves (Lair:7)
  2 necrophages
  An eye of draining (shapeshifter) (Vaults:1)
  20 centaurs
  49 ogres
  19 crocodiles
  3 big kobolds
  28 giant frogs
  A wyvern zombie (D:9)
  Dowan (D:6)
  A wyvern skeleton (D:14)
  6 scorpions
  A human simulacrum (Vaults:2)
  An elephant simulacrum (IceCv)
  7 killer bees
  11 wights
  An electric eel (Spider:2)
  5 howler monkeys
  8 crimson imps
  4 jellies
  3 draconian simulacra (IceCv)
  3 giant frog zombies
  6 hounds
  15 orc priests
  5 centaur skeletons
  3 giant frog skeletons
  21 orc wizards
  12 iguanas
  Natasha (D:3)
  3 troll simulacra (IceCv)
  6 worker ants
  A polar bear simulacrum (IceCv)
  3 spriggan simulacra (IceCv)
  4 sheep (Lair:7)
  3 hound zombies
  2 hound skeletons
  2 worker ant zombies
  5 gnolls
  3 naga simulacra (IceCv)
  45 river rats
  9 adders
  2 ogre simulacra (IceCv)
  8 shadow imps
  6 white imps (IceCv)
  4 ufetubi (IceCv)
  An ooze (D:3)
  An adder skeleton (D:4)
  2 adder zombies
  2 worms
  2 dart slugs (D:1)
  95 orcs
  5 giant cockroaches
  7 goblins
  9 hobgoblins
  10 jackals
  5 quokkas
  7 bats
  3 giant newts
  16 kobolds
  2 quokka skeletons
  6 rats
  9 fungi
  3 plants
1552 creatures vanquished.

Vanquished Creatures (collateral kills)
  A deep elf sorcerer (Vaults:2)
  2 death yaks (Lair:4)
  A deep elf archer (Vaults:2)
  A vault sentinel (Vaults:2)
  An ice devil (IceCv)
  2 harpy simulacra (IceCv)
  A hydra simulacrum (IceCv)
  An ettin simulacrum (IceCv)
10 creatures vanquished.

Vanquished Creatures (others)
  A vault warden (Vaults:5)
  A giant orange brain (Vaults:3)
  2 orb spiders (Spider:4)
  A basilisk (Lair:8)
  A giant frog (D:15)
  An orc (Vaults:1)
  15 fungi
  6 plants
28 creatures vanquished.

Grand Total: 1590 creatures vanquished

Notes
Turn   | Place    | Note
--------------------------------------------------------------
     0 | D:1      | nikopol the Minotaur Berserker began the quest for the Orb.
     0 | D:1      | Reached XP level 1. HP: 19/19 MP: 0/0
   143 | D:1      | Reached XP level 2. HP: 25/27 MP: 1/1
   252 | D:1      | Reached skill level 4 in Axes
   384 | D:1      | Reached XP level 3. HP: 33/33 MP: 2/2
   392 | D:1      | Reached ** piety under Trog
   460 | D:1      | You fall through a shaft!
   460 | D:2      | Found a shattered altar of Ashenzari.
  1208 | D:2      | Reached XP level 4. HP: 40/40 MP: 3/3
  1577 | D:2      | Found a blossoming altar of Fedhas.
  1652 | D:2      | Found an opulent altar of Gozag.
  1892 | D:3      | Noticed Natasha
  1896 | D:3      | Killed Natasha
  1896 | D:3      | Reached XP level 5. HP: 47/47 MP: 4/4
  2218 | D:3      | Reached *** piety under Trog
  2772 | D:4      | Reached skill level 5 in Fighting
  2852 | D:4      | Reached skill level 5 in Axes
  3022 | D:4      | Noticed Trysia's ghost (amateur MiBe)
  3026 | D:4      | Reached XP level 6. HP: 52/56 MP: 5/5
  3031 | D:4      | Killed Trysia's ghost
  3269 | D:5      | Entered Level 5 of the Dungeon
  3272 | D:5      | Reached skill level 5 in Armour
  3272 | D:5      | Reached XP level 7. HP: 62/62 MP: 6/6
  3635 | D:5      | Reached skill level 6 in Axes
  3689 | D:5      | Reached skill level 5 in Dodging
  3981 | D:5      | Found a staircase to the Ecumenical Temple.
  4366 | D:6      | Found an opulent altar of Gozag.
  4443 | D:6      | Reached XP level 8. HP: 63/71 MP: 7/7
  4695 | D:6      | Noticed Duvessa
  4695 | D:6      | Noticed Dowan
  4704 | D:6      | Killed Duvessa
  4705 | D:6      | Noticed Sigmund
  4706 | D:6      | Killed Dowan
  4728 | D:6      | Killed Sigmund
  4728 | D:6      | Reached skill level 7 in Axes
  5607 | D:7      | Reached **** piety under Trog
  5945 | D:7      | Noticed Pikel
  5965 | D:7      | Killed Pikel
  5965 | D:7      | Reached skill level 8 in Axes
  5965 | D:7      | Reached XP level 9. HP: 82/82 MP: 8/8
  6294 | D:8      | Found a staircase to the Lair.
  6297 | D:8      | Noticed a komodo dragon
  6319 | D:8      | Killed a komodo dragon
  6319 | D:8      | Reached skill level 9 in Axes
  6594 | D:8      | Reached XP level 10. HP: 78/91 MP: 9/9
  6636 | D:8      | Found a sparkling altar of Nemelex Xobeh.
  6715 | D:8      | Found Deosm's Weapon Boutique.
  7085 | D:9      | Found a shimmering altar of Xom.
  7141 | D:9      | Found Juett's Jewellery Shoppe.
  7662 | D:10     | Entered Level 10 of the Dungeon
  7697 | D:10     | Reached ***** piety under Trog
  7702 | D:10     | Reached skill level 10 in Fighting
  7803 | D:10     | Reached skill level 10 in Axes
  7954 | D:10     | Noticed a hill giant
  7966 | D:10     | Killed a hill giant
  7996 | D:10     | Reached skill level 10 in Armour
  8171 | D:10     | Noticed a wolf spider
  8178 | D:10     | Killed a wolf spider
  8201 | D:10     | Noticed a tengu warrior
  8211 | D:10     | Killed a tengu warrior
  8476 | D:10     | Found Qicwaheo's Food Boutique.
  8557 | D:10     | Found a staircase to the Orcish Mines.
  8975 | Lair:1   | Entered Level 1 of the Lair of Beasts
  9158 | Lair:1   | Reached XP level 11. HP: 88/101 MP: 10/10
  9173 | Lair:1   | Reached skill level 1 in Bows
  9966 | Lair:1   | Noticed Nergalle
  9986 | Lair:1   | Killed Nergalle
  9986 | Lair:1   | Reached skill level 11 in Axes
 11176 | Lair:2   | Reached skill level 10 in Dodging
 11583 | Lair:3   | Noticed a four-headed hydra
 11594 | Lair:3   | Killed a one-headed hydra
 11599 | Lair:3   | Reached skill level 5 in Bows
 11732 | Lair:3   | Received a gift from Trog
 11770 | Lair:3   | Reached skill level 12 in Axes
 11902 | Lair:3   | Reached XP level 12. HP: 108/111 MP: 11/11
 12789 | Lair:4   | Noticed a catoblepas
 12802 | Lair:4   | Killed a catoblepas
 12823 | Lair:4   | Noticed a six-headed hydra
 13067 | Lair:4   | Killed a three-headed hydra
 13147 | Lair:4   | Reached skill level 13 in Axes
 13261 | Lair:4   | Noticed a death yak
 13261 | Lair:4   | Noticed a death yak
 13262 | Lair:4   | Noticed a death yak
 13262 | Lair:4   | Noticed a death yak
 13263 | Lair:4   | Noticed a death yak
 13285 | Lair:4   | Killed a death yak
 13290 | Lair:4   | Noticed a death yak
 13294 | Lair:4   | Killed a death yak
 13304 | Lair:4   | Killed a death yak
 13309 | Lair:4   | Killed a death yak
 13317 | Lair:4   | Killed a death yak
 13322 | Lair:4   | Killed a death yak
 13642 | Lair:4   | Received a gift from Trog
 13721 | Lair:4   | Noticed a six-headed hydra
 13727 | Lair:4   | Reached XP level 13. HP: 119/119 MP: 12/12
 14060 | Lair:4   | Found a hole to the Spider Nest.
 14222 | Lair:5   | Received a gift from Trog
 14794 | Lair:5   | Reached ****** piety under Trog
 15617 | Lair:6   | Reached skill level 14 in Axes
 15767 | Lair:6   | Found a staircase to the Shoals.
 16277 | Lair:6   | Received a gift from Trog
 16277 | Lair:6   | Reached skill level 10 in Bows
 17017 | Lair:6   | Received a gift from Trog
 17379 | Lair:7   | Reached XP level 14. HP: 116/129 MP: 13/13
 17880 | Lair:7   | Reached skill level 15 in Axes
 18646 | Lair:8   | Entered Level 8 of the Lair of Beasts
 19410 | Lair:8   | Found a viscous altar of Jiyva.
 19411 | Lair:8   | Found a staircase to the Slime Pits.
 19699 | Lair:8   | Received a gift from Trog
 20847 | D:10     | Noticed nikopol's ghost (novice MiBe)
 20870 | D:10     | Killed nikopol's ghost
 20906 | Orc:1    | Entered Level 1 of the Orcish Mines
 20906 | Orc:1    | Found Syih's Jewellery Emporium.
 21190 | Orc:1    | Found Kaammir's Gadget Emporium.
 21392 | Orc:1    | Received a gift from Trog
 21486 | Orc:2    | Entered Level 2 of the Orcish Mines
 21744 | Orc:1    | Received a gift from Trog
 21834 | Orc:2    | Received a gift from Trog
 21869 | Orc:2    | Found Nuwkon's Jewellery Shoppe.
 21915 | Orc:2    | Noticed Saint Roka
 21937 | Orc:2    | Killed Saint Roka
 21937 | Orc:2    | Reached skill level 16 in Axes
 22011 | Orc:2    | Found an iron altar of Okawaru.
 22020 | Orc:2    | Found a radiant altar of Vehumet.
 22114 | Orc:2    | Found a staircase to the Elven Halls.
 22385 | Orc:2    | Reached XP level 15. HP: 123/138 MP: 12/14
 22478 | Orc:2    | Found Metta's Magic Scroll Shop.
 22478 | Orc:2    | Found Jinakh's Gadget Shoppe.
 22490 | Orc:2    | Found Komug's General Store.
 22490 | Orc:2    | Found Sool's Gadget Shoppe.
 22792 | Orc:2    | Received a gift from Trog
 22929 | Orc:2    | Bought a scroll of acquirement for 780 gold pieces
 22934 | Orc:2    | Got a pair of faintly humming boots
 22945 | Orc:2    | Identified the +2 pair of boots "Wemokit" {+Blink rN+ Stlth+} (You acquired it on level 2 of the Orcish Mines)
 23812 | D:11     | Got an encrusted cloak
 23823 | D:11     | Identified the +1 cloak of Vlad {MR+ Str+3} (You found it on level 11 of the Dungeon)
 24255 | D:12     | Noticed ThereIsNoGod's ghost (journeyman MiGl)
 24272 | D:12     | Killed ThereIsNoGod's ghost
 24364 | D:12     | Found a labyrinth entrance.
 24374 | Lab      | Entered a labyrinth
 24753 | Lab      | Received a gift from Trog
 25609 | D:13     | Noticed Kirke
 25730 | D:13     | Killed Kirke
 25803 | D:13     | Reached skill level 17 in Axes
 25807 | D:13     | Received a gift from Trog
 26434 | D:13     | Found a gate to the Vaults.
 26870 | D:14     | HP: 1/208 [white ugly thing (28)]
 26876 | D:14     | HP: 2/208 [something (1)]
 27580 | D:14     | Found an oddly glowing altar of Pakellas.
 27813 | D:14     | Got a crude war axe
 27814 | D:14     | Identified the +4 war axe of Funaur {pain, rN+++ Str-3 Int+2 Stlth-} (You found it on level 14 of the Dungeon)
 28154 | D:15     | Entered Level 15 of the Dungeon
 28179 | D:15     | Reached XP level 16. HP: 147/147 MP: 15/15
 28685 | D:15     | Found a blossoming altar of Fedhas.
 28685 | D:15     | Found a blossoming altar of Fedhas.
 28686 | D:15     | Found a glowing silver altar of Zin.
 28779 | D:15     | Found a staircase to the Depths.
 28885 | D:15     | Received a gift from Trog
 28988 | D:15     | Reached skill level 15 in Fighting
 29568 | D:15     | Noticed Azrael
 29584 | D:15     | Killed Azrael
 29704 | D:15     | Got a brightly glowing hand axe
 29705 | D:15     | Identified the +9 hand axe of the Volcano {flame, rElec rC+} (You found it on level 15 of the Dungeon)
 29802 | D:15     | Received a gift from Trog
 29822 | D:15     | Reached skill level 18 in Axes
 30263 | D:15     | Noticed a sphinx
 30270 | D:15     | Killed a sphinx
 30296 | D:15     | Noticed a storm dragon
 30308 | D:15     | Killed a storm dragon
 31072 | D:9      | Bought an uncursed ring of see invisible for 210 gold pieces
 31683 | Lair:2   | Got an ichor-stained hat
 31689 | Lair:2   | Identified the +2 hat of Impatience {rF+ MP+9 Str+3 Int-5 SInv} (You acquired it on level 2 of the Lair of Beasts)
 31689 | Lair:2   | Lost intelligence.
 31829 | Spider:1 | Entered Level 1 of the Spider Nest
 32021 | Spider:1 | Reached skill level 15 in Bows
 32033 | Spider:1 | Noticed Elystan's ghost (adept FoFi)
 32067 | Spider:1 | Killed Elystan's ghost
 32067 | Spider:1 | Reached skill level 15 in Armour
 32730 | Spider:1 | Received a gift from Trog
 33002 | Spider:1 | Reached XP level 17. HP: 116/157 MP: 16/16
 33465 | Orc:2    | Got a steaming shortbow {god gift}
 33496 | Orc:2    | Identified the +6 shortbow of Trog's Brutal Revenge {freeze, rC+} (Trog gifted it to you on level 2 of the Orcish Mines)
 34791 | Spider:2 | Received a gift from Trog
 34953 | Spider:2 | Got a translucent plate armour
 34973 | Spider:2 | Identified the cursed +0 plate armour "Ypuzef" {Int+2} (You found it on level 2 of the Spider Nest)
 35204 | Spider:3 | Noticed Aizul
 35221 | Spider:3 | Killed Aizul
 36243 | Spider:3 | Reached skill level 19 in Axes
 36362 | Spider:4 | Entered Level 4 of the Spider Nest
 36863 | Spider:4 | Received a gift from Trog
 36890 | Spider:4 | Found a frozen archway.
 36910 | IceCv    | Entered an ice cave
 37519 | IceCv    | Received a gift from Trog
 38335 | IceCv    | Noticed an Ice Fiend
 38342 | IceCv    | HP: 2/158 [Ice Fiend (53)]
 38356 | IceCv    | Killed an Ice Fiend
 39561 | Spider:4 | Noticed Arachne
 39580 | Spider:4 | Killed Arachne
 39580 | Spider:4 | Received a gift from Trog
 39581 | Spider:4 | Reached XP level 18. HP: 168/168 MP: 10/17
 39996 | Spider:4 | Reached skill level 15 in Dodging
 40445 | Spider:4 | Received a gift from Trog
 40915 | Spider:4 | Got a gossamer rune of Zot
 41395 | Vaults:1 | Entered Level 1 of the Vaults
 41402 | Vaults:1 | Received a gift from Trog
 41580 | Vaults:1 | Reached skill level 20 in Axes
 41837 | Vaults:1 | Received a gift from Trog
 41846 | Vaults:1 | Received a gift from Trog
 42488 | Vaults:1 | Found Gomuth's Gadget Shoppe.
 42795 | Vaults:1 | Received a gift from Trog
 42809 | Vaults:1 | Noticed Norris
 42832 | Vaults:1 | Killed Norris
 43371 | Vaults:1 | Found Qinlagust's Antique Armour Shoppe.
 43372 | Vaults:1 | Found Domn's Book Emporium.
 43761 | Vaults:1 | Found Sutriaf's Weapon Shoppe.
 43815 | Vaults:1 | Received a gift from Trog
 43909 | Vaults:2 | Reached XP level 19. HP: 152/177 MP: 14/18
 43912 | Vaults:2 | Received a gift from Trog
 44148 | Vaults:2 | Received a gift from Trog
 44388 | Vaults:2 | Received a gift from Trog
 44436 | Vaults:2 | Received a gift from Trog
 44982 | Vaults:2 | Noticed Mennas
 45015 | Vaults:2 | Killed Mennas
 45651 | Vaults:3 | Received a gift from Trog
 45718 | Vaults:3 | Noticed Wiglaf
 45723 | Vaults:3 | Noticed Sojobo
 45790 | Vaults:2 | Received a gift from Trog
 46835 | Vaults:3 | Killed Wiglaf
 46866 | Vaults:3 | Noticed a bone dragon
 46881 | Vaults:3 | Killed a bone dragon
 46881 | Vaults:3 | Reached skill level 21 in Axes
 47059 | Vaults:3 | Killed Sojobo
 47283 | Vaults:3 | Found a staircase to the Crypt.
 47340 | Vaults:3 | Received a gift from Trog
 47606 | Vaults:3 | Received a gift from Trog
 47607 | Vaults:3 | Got a crystal battleaxe {god gift}
 47608 | Vaults:3 | Identified the +8 battleaxe "Etzed" {flame, rElec rC+} (Trog gifted it to you on level 3 of the Vaults)
 47705 | Vaults:3 | Reached XP level 20. HP: 187/187 MP: 19/19
 48692 | Vaults:4 | Received a gift from Trog
 48930 | Vaults:4 | Received a gift from Trog
 49779 | Vaults:4 | Received a gift from Trog
 49972 | Vaults:5 | Entered Level 5 of the Vaults
 50021 | Vaults:5 | Mangled by a sun demon

Skill      XL: |  1  2  3  4  5  6  7  8  9 10 11 12 13 14 15 16 17 18 19 20 |
---------------+-------------------------------------------------------------+-----
Axes           | 4 5 6 8 9 10 12 13 14 16 17 18 19 20 21 | 21.6
Armour         | 3 4 5 6 7 8 10 11 12 13 14 15 16 17 18 | 18.1
Fighting       | 4 5 6 8 9 10 11 12 13 14 15 16 17 18 | 18.6
Dodging        | 3 4 5 7 8 9 10 11 12 13 14 15 16 | 16.5
Bows           | 5 8 10 12 13 15 16 17 18 19 | 19.6

Action                   |  1- 3 |  4- 6 |  7- 9 | 10-12 | 13-15 | 16-18 | 19-21 || total
-------------------------+-------+-------+-------+-------+-------+-------+-------++-------
Melee: Hand axe          |    79 |    53 |       |   577 |   302 |    26 |       ||  1037
       Headbutt          |     8 |    24 |    47 |   177 |   182 |   154 |    94 ||   686
       War axe           |       |    71 |   262 |    49 |       |       |       ||   382
       Broad axe         |       |       |       |       |   378 |   558 |   151 ||  1087
       Battleaxe         |       |       |       |       |       |    10 |   199 ||   209
       Shortbow          |       |       |       |       |       |     3 |     2 ||     5
 Fire: Shortbow          |       |       |       |    45 |   868 |  1298 |   620 ||  2831
       Longbow           |       |       |       |    62 |   130 |    24 |       ||   216
Invok: Berserk           |       |     1 |     2 |     7 |    13 |     6 |     8 ||    37
       Burn Spellbooks   |       |       |       |     3 |     3 |     3 |     1 ||    10
       Brothers in Arms  |       |       |       |     1 |       |     2 |     2 ||     5
       Trog's Hand       |       |       |       |       |       |     1 |     2 ||     3
 Abil: Evoke Blink       |       |       |       |       |       |     2 |       ||     2
Evoke: Wand              |       |       |       |       |     2 |       |       ||     2
  Use: Scroll            |       |       |       |    13 |    26 |    10 |     3 ||    52
       Potion            |       |       |       |       |       |     3 |     1 ||     4
 Stab: Sleeping          |       |     1 |    11 |     9 |       |       |       ||    21
       Distracted        |       |       |       |     1 |       |     1 |       ||     2
  Eat: Chunk             |       |     9 |    12 |    26 |    47 |    36 |    27 ||   157
       Beef jerky        |       |       |       |     3 |     3 |       |       ||     6
       Royal jelly       |       |       |       |       |     3 |     2 |       ||     5
       Pizza             |       |       |       |       |       |     4 |       ||     4
       Bread ration      |       |       |       |       |       |     2 |       ||     2
       Fruit             |       |       |       |       |       |     1 |       ||     1
Armor: Leather armour    |    34 |     5 |       |       |       |       |       ||    39
       Ring mail         |       |    43 |   106 |    10 |       |       |       ||   159
       Scale mail        |       |       |       |   159 |    83 |       |       ||   242
       Chain mail        |       |       |       |       |   198 |   216 |       ||   414
       Plate armour      |       |       |       |       |       |   378 |   189 ||   567
Dodge: Dodged            |    49 |    64 |   142 |   361 |   536 |   633 |   253 ||  2038
Block: Large shield      |       |       |       |       |       |       |     3 ||     3
